 Dungeon Crawl Stone Soup version 0.27.1-4-g1640c2035a (webtiles) character file.

Game seed: 13726965595858473454

11546 TheGamechu the Blocker (level 11, 0/100 HPs)
             Began as a Minotaur Fighter on Nov 3, 2021.
             Was a Priest of Ru.
             Killed from afar by an ice statue (29 damage)
             ... with a freezing blast
             ... in an ice cave.
             The game lasted 00:40:33 (13602 turns).

TheGamechu the Blocker (Minotaur Fighter)          Turns: 13602, Time: 00:40:33

Health: 0/100      AC: 15    Str: 24    XL:     11   Next: 50%
Magic:  10/10      EV: 10    Int:  8    God:    Ru [***...]
Gold:   208        SH: 19    Dex: 12    Spells: 10/10 levels left

rFire    . . .     SeeInvis .   a - +1 war axe
rCold    . . .     Faith    .   c - +1 kite shield
rNeg     . . .     Spirit   .   x - +0 plate armour
rPois    .         Reflect  +   (helmet restricted)
rElec    .         Harm     .   s - +0 cloak
rCorr    .         Rampage  .   F - +0 pair of gloves
Will     +....                  (no boots)
Stlth    ..........             t - amulet "Yvaug" {Reflect Fly Int+3 SH+5}
HPRegen  0.26/turn              g - +4 ring of evasion
MPRegen  0.12/turn              v - ring of willpower

@: flying
A: horns 2, no stealth, hated by all, no conjurations magic, no earth magic, no
transmutations magic, retaliatory headbutt, mutation resistance 1, strong 1,
wild magic 2
a: Renounce Religion, Draw Out Power


You were in an ice cave.
You worshipped Ru.
Ru was most pleased with you.
You visited 2 branches of the dungeon, and saw 12 of its levels.
You also visited: Ice Cave.

You collected 437 gold pieces.
You spent 229 gold pieces at shops.

Inventory:

Hand Weapons
 a - a +1 war axe (weapon)
 D - the +9 trident of the Warrior {vorpal, rPois rF- Int+8 Stlth+}
   (You bought it in a shop on level 7 of the Dungeon)

   It inflicts extra damage upon your enemies.
   Int:       It affects your intelligence (+8).
   rF:        It makes you vulnerable to fire.
   rPois:     It protects you from poison.
   Stlth:     It makes you more stealthy.
Missiles
 e - 248 stones
 h - 4 curare-tipped darts
 j - 4 silver boomerangs
 k - 53 poisoned darts
 q - 3 javelins (quivered)
 u - 16 boomerangs of dispersal
 y - 2 throwing nets
 H - 5 boomerangs
Armour
 c - a +1 kite shield (worn)
 s - a +0 cloak (worn)
 x - a +0 plate armour (worn)
 F - a +0 pair of gloves (worn)
Jewellery
 g - a +4 ring of evasion (left hand)
 t - the amulet "Yvaug" (around neck) {Reflect Fly Int+3 SH+5}
   (You acquired it on level 6 of the Dungeon)

   [amulet of reflection]

   It reflects blocked missile attacks.
   Int:       It affects your intelligence (+3).
   Fly:       It grants you flight.
   SH:        It affects your SH (+5).
 v - a ring of willpower (right hand)
 z - an amulet of regeneration
Wands
 b - a wand of digging (4)
 A - a wand of acid (7)
 G - a wand of flame (12)
Scrolls
 i - 4 scrolls of identify
 l - 2 scrolls of enchant weapon
 w - a scroll of amnesia
 E - a scroll of fog
Potions
 d - 3 potions of might
 m - 2 potions of lignification
 n - a potion of ambrosia {unknown}
 o - 2 potions of berserk rage {unknown}
 p - 3 potions of attraction {unknown}
 r - 3 potions of heal wounds {unknown}
 B - 4 potions of haste {unknown}
 C - 2 potions of curing {unknown}
 I - a potion of flight {unknown}
 J - a potion of resistance {unknown}


   Skills:
 + Level 10.3 Fighting
 + Level 12.1 Axes
 + Level 6.5 Throwing
 - Level 6.5 Armour
 * Level 12.6 Shields


You had 10 spell levels left.
You didn't know any spells.
Your spell library contained the following spells:

 Spells                   Type           Power      Damage    Failure   Level
 Pain                     Necr           0%         1d4       100%        1
 Corpse Rot               Necr/Air       N/A        N/A       100%        2
 Slow                     Hex            0%         N/A       100%        2
 Confusing Touch          Hex            0%         N/A       100%        3
 Vampiric Draining        Necr           0%         2d6       100%        3
 Dispel Undead            Necr           0%         3d6       100%        4
 Agony                    Necr           0%         N/A       100%        5
 Excruciating Wounds      Necr           0%         N/A       100%        5
 Animate Skeleton         Necr           Unusable   N/A       N/A         1
 Magic Dart               Conj           Unusable   1d3       N/A         1
 Call Imp                 Summ           Unusable   N/A       N/A         2
 Conjure Flame            Conj/Fire      Unusable   6-21      N/A         3
 Ignite Poison            Fire/Tmut/Pois Unusable   N/A       N/A         3
 Mephitic Cloud           Conj/Pois/Air  Unusable   N/A       N/A         3
 Sticky Flame             Conj/Fire      Unusable   2d3       N/A         4
 Yara's Violent Unravell  Hex/Tmut       Unusable   3d3       N/A         5
 Death Channel            Necr           Unusable   N/A       N/A         6

Dungeon Overview and Level Annotations

Branches:
Dungeon (11/15)            Temple (1/1) D:4             Orc (0/2) D:11
  IceCv (1/1)
   Lair: D:8-11

Altars:
Ashenzari
Cheibriados
Dithmenos
Elyvilon
Fedhas
Gozag
Hepliaklqana
Kikubaaqudgha
Makhleb
Nemelex Xobeh
Okawaru
Qazlal
Ru
Sif Muna
Trog
Uskayaw
Vehumet
Wu Jian
Xom
Yredelemnul
Zin
The Shining One

Shops:
D:3 *   D:7 (   D:9 (


Innate Abilities, Weirdness & Mutations

You have a pair of horns on your head.
You cannot be stealthy.
You are hated by all.
You cannot study or cast Conjurations magic.
You cannot study or cast Earth magic.
You cannot study or cast Transmutations magic.
You reflexively headbutt those who attack you in melee.
You are somewhat resistant to further mutation.
Your muscles are strong. (Str +2)
Your spells are harder to cast, but more powerful.


Message History

You slice the large slime creature!! You headbutt the large slime creature.
The large slime creature is moderately wounded.
Your plate armour prevents you from hitting the slime creature.
You hit the slime creature. You headbutt the slime creature!
The slime creature is heavily wounded.
You hit the large slime creature.
A large slime creature splits.
You block the slime creature's attack.
Two slime creatures merge to form a large slime creature.
You hit the slime creature. You headbutt the slime creature.
The slime creature is heavily wounded.
You barely miss the large slime creature.
You hit the slime creature. The slime creature barely misses you.
You furiously retaliate!
You headbutt the slime creature. The slime creature hits you!
You hit the slime creature.
The slime creature is heavily wounded.
You hit the large slime creature. You hit the slime creature.
You block the slime creature's attack.
The slime creature is stunned by your conviction and fails to attack.
You hit the slime creature. You headbutt the slime creature.
The slime creature is severely wounded.
You slash the slime creature!
You hit the large slime creature but do no damage.
The slime creature hits you! You block the slime creature's attack.
Unknown command.
You slice the slime creature!!
The slime creature is almost dead.
You hit the slime creature. You slash the large slime creature!
You block the large slime creature's attack.
The slime creature hits you. The slime creature hits you!
* * * LOW HITPOINT WARNING * * *
You focus your inner power and blind the slime creature in retribution!
A quicksilver ooze comes into view.
The quicksilver ooze quivers.
Two slime creatures merge to form a large slime creature.
An ice statue comes into view.
The large slime creature is no longer blind.
The ice statue gestures at you. The freezing blast engulfs you!!
You die...

##.∩.## #..∩..#
##...## ##.## ##.##
####..(####
####.........####
###.J...#####.....#
#.@J..### ####...
#....#### ###.
#...J.### ## .....#
###### # ....#
####....### ...8
#.........### ...
#....###.J...## ..
#....## ###.....
.... #.....


You could see an ice statue, 2 large slime creatures and a quicksilver ooze.

Vanquished Creatures
  Harold (D:7)
  2 hydras
  A two-headed ogre (D:8)
  Joseph (D:9)
  An ice statue (IceCv)
  A gargoyle (D:10)
  3 trolls
  A hornet (D:9)
  Prince Ribbit (D:5)
  Grinder (D:4)
  3 slime creatures (IceCv)
  Sigmund (D:6)
  A wraith (D:10)
  8 yaks
  Eustachio (D:5)
  A two-headed ogre zombie (D:11)
  A demonic crawler simulacrum (IceCv)
  Menkaure (D:6)
  An acid dragon (D:10)
  2 water moccasins
  An ice beast (D:6)
  A sky beast (D:6)
  3 orc warriors
  2 ugly thing simulacra (IceCv)
  An ogre (D:5)
  A necrophage (D:7)
  5 centaurs
  2 phantoms (D:11)
  3 kobold brigands
  A bullfrog (D:8)
  A scorpion (D:4)
  A water moccasin zombie (D:5)
  A water moccasin skeleton (D:4)
  9 killer bees
  2 howler monkeys (D:9)
  5 wights (D:9)
  4 centaur zombies
  2 jellies
  5 orc priests
  5 hounds
  3 iguanas
  A scorpion zombie (D:5)
  Ijyb (D:2)
  12 orc wizards
  7 ogre zombies (D:11)
  2 howler monkey zombies
  3 gnolls
  8 adders
  2 shadow imps
  A worm (D:5)
  2 dart slugs
  25 orcs
  5 endoplasms
  5 giant cockroaches
  2 hobgoblins (D:3)
  8 jackals
  3 quokkas
  16 ball pythons
  3 bats (D:1)
  3 frilled lizards
  9 goblins
  3 goblin zombies (D:11)
  A hobgoblin skeleton (D:11)
  4 hobgoblin zombies (D:11)
  16 kobolds
  3 orc skeletons (D:11)
  13 orc zombies (D:11)
  5 rats
254 creatures vanquished.

Vanquished Creatures (others)
  An orc zombie (D:11)
  5 plants (D:11)
6 creatures vanquished.

Grand Total: 260 creatures vanquished

Notes
Turn   | Place    | Note
-------+----------+-------------------------------------------
     0 | D:1      | TheGamechu the Minotaur Fighter began the quest for the
                  | Orb.
     0 | D:1      | Reached XP level 1. HP: 19/19 MP: 0/0
    42 | D:1      | Reached XP level 2. HP: 18/27 MP: 1/1
   400 | D:1      | Found a faded altar of an unknown god.
   403 | D:1      | Reached XP level 3. HP: 33/33 MP: 2/2
   910 | D:2      | Found a white marble altar of Elyvilon.
  1260 | D:2      | Reached XP level 4. HP: 15/40 MP: 3/3
  2038 | D:3      | Found Faob's Assorted Antiques.
  2148 | D:3      | Reached XP level 5. HP: 43/47 MP: 4/4
  2516 | D:3      | Noticed Ijyb
  2548 | D:3      | HP: 1/47 [Ijyb (3)]
  2552 | D:2      | Gained mutation: Your muscles are strong. (Str +2) [potion
                  | of mutation]
  2552 | D:2      | Gained mutation: Your spells are a little harder to cast,
                  | but a little more powerful. [potion of mutation]
  2552 | D:2      | Gained mutation: Your spells are harder to cast, but more
                  | powerful. [potion of mutation]
  2552 | D:2      | Gained mutation: You are somewhat resistant to further
                  | mutation. [potion of mutation]
  2556 | D:2      | HP: 2/70 [Ijyb (1)]
  2562 | D:2      | HP: 1/70 [Ijyb (3)]
  2564 | D:2      | Killed Ijyb
  2876 | D:3      | Reached skill level 5 in Shields
  3215 | D:4      | Reached skill level 5 in Armour
  3248 | D:4      | Reached skill level 5 in Fighting
  3257 | D:4      | Reached XP level 6. HP: 45/56 MP: 5/5
  3515 | D:4      | Found a staircase to the Ecumenical Temple.
  3522 | Temple   | Entered the Ecumenical Temple
  3780 | Temple   | Became a worshipper of Ru the Awakened
  4025 | D:4      | Noticed Grinder
  4041 | D:4      | Paralysed by Grinder for 2 turns
  4048 | D:4      | Killed Grinder
  4049 | D:4      | Reached skill level 5 in Axes
  4049 | D:4      | Reached XP level 7. HP: 23/62 MP: 6/6
  4376 | D:5      | Entered Level 5 of the Dungeon
  4384 | D:5      | Noticed Eustachio
  4803 | D:5      | Noticed Prince Ribbit
  4836 | D:5      | Killed Prince Ribbit
  5155 | D:5      | Killed Eustachio
  5156 | D:5      | Reached XP level 8. HP: 40/71 MP: 7/7
  5392 | D:5      | Reached skill level 1 in Throwing
  5476 | D:5      | Gained mutation: You cannot study or cast Earth magic. [Ru
                  | sacrifice]
  5476 | D:5      | Gained mutation: You cannot study or cast Transmutations
                  | magic. [Ru sacrifice]
  5476 | D:5      | Gained mutation: You cannot study or cast Conjurations
                  | magic. [Ru sacrifice]
  5476 | D:5      | Reached * piety under Ru
  5532 | D:5      | Found a hazy altar of Hepliaklqana.
  5533 | D:5      | Found a shimmering altar of Xom.
  5534 | D:5      | Noticed a spectral ugly thing
  5615 | D:5      | Found a glowing silver altar of Zin.
  6070 | D:6      | Noticed Menkaure
  6285 | D:6      | Killed Menkaure
  6289 | D:6      | Found a burning altar of Makhleb.
  6554 | D:6      | Noticed Sigmund
  6562 | D:6      | Killed Sigmund
  6663 | D:6      | Identified a scroll of acquirement
  6663 | D:6      | Acquired the amulet "Yvaug" {Reflect Fly Int+3 SH+5}
  6799 | D:6      | Found a glowing golden altar of the Shining One.
  7136 | D:6      | Reached XP level 9. HP: 79/79 MP: 8/8
  7637 | D:7      | Found Edwech's Antique Weapon Shoppe.
  7650 | D:7      | Noticed Harold
  7663 | D:7      | Killed Harold
  7814 | D:7      | Gained mutation: You cannot be stealthy. [Ru sacrifice]
  7814 | D:7      | Reached ** piety under Ru
  7850 | D:7      | Noticed a +0 dagger
  7851 | D:7      | Noticed a +0 hand axe
  7853 | D:7      | Found a hide-covered altar of Uskayaw.
  7944 | D:7      | Noticed a seven-headed hydra
  9395 | D:7      | Bought a pitted trident for 229 gold pieces
  9395 | D:7      | Identified the +9 trident of the Warrior {vorpal, rPois rF-
                  | Int+8 Stlth+} (You bought it in a shop on level 7 of the
                  | Dungeon)
  9624 | D:7      | Killed a seven-headed hydra
  9625 | D:7      | Reached skill level 10 in Shields
  9625 | D:7      | Reached XP level 10. HP: 78/90 MP: 9/9
  9764 | D:8      | Reached skill level 10 in Axes
  9878 | D:8      | Found a snail-covered altar of Cheibriados.
  9905 | D:8      | Noticed a two-headed ogre
 10366 | D:8      | Found a shimmering blue altar of Sif Muna.
 10435 | D:8      | Killed a two-headed ogre
 10865 | D:8      | Found an iron altar of Okawaru.
 10866 | D:8      | Found a bloodstained altar of Trog.
 10867 | D:8      | Found a blossoming altar of Fedhas.
 10892 | D:9      | Found Ydiyfiud's Weapon Shoppe.
 10898 | D:9      | Reached skill level 5 in Throwing
 11024 | D:9      | Found a basalt altar of Yredelemnul.
 11046 | D:9      | Noticed Joseph
 11054 | D:9      | Killed Joseph
 11143 | D:9      | Gained mutation: You are hated by all. [Ru sacrifice]
 11143 | D:9      | Reached *** piety under Ru
 11424 | D:9      | Paralysed by a hornet for 1 turns
 11793 | D:10     | Entered Level 10 of the Dungeon
 11894 | D:10     | Reached XP level 11. HP: 90/99 MP: 10/10
 12067 | D:10     | Identified the +3 whip of Quantum Leap {speed, Int+7 Dex-5
                  | Stlth+}
 12609 | D:10     | Found a broken altar of Ashenzari.
 12993 | D:11     | Noticed a seven-headed hydra
 13006 | D:11     | Killed a seven-headed hydra
 13019 | D:11     | Found a staircase to the Orcish Mines.
 13026 | D:11     | Reached skill level 10 in Fighting
 13294 | D:11     | Found a frozen archway.
 13309 | IceCv    | Entered an ice cave
 13601 | IceCv    | Noticed a quicksilver ooze
 13602 | IceCv    | Killed from afar by an ice statue

Illustrated notes

Levels and vault maps discovered:
D:1:      onia_arrival_handbag, layout_basic, basic_ecumenical_altar,
          chequers_serial_rivers_micro_b
D:2:      layout_rooms, basic_altar, cheibrodos_gnoll_hut
D:3:      layout_loops_corners, serial_shops, shop, uniq_ijyb
D:4:      layout_rooms, temple_statues, uniq_grinder
D:5:      layout_gridville, regret_index_temple_of_mockery, zin_statuary,
          uniq_eustachio, uniq_prince_ribbit1
D:6:      layout_layer_cave, mainiacjoe_overflow_alcove_2, lemuel_tele_altar,
          minmay_unpleasant_kobolds, uniq_sigmund, uniq_menkaure
D:7:      layout_layer_cave, dancing_weapons_uskayaw, serial_shops,
          nicolae_shop_stone, uniq_harold
D:8:      layout_cave_pools, tgw_sif, mainiacjoe_overflow_alcove_3
D:9:      layout_roguey, nicolae_overflow_hidden_temple, serial_shops,
          nicolae_stop_n_shop_1, uniq_joseph
D:10:     layout_basic, nicolae_ashenzari_skybound
D:11:     layout_gridville, dpeg_oklobed_lair, zombieorc2_lemuel,
          portal_ice_cave_entry_pillars_2
Temple:   jpeg_temple_island
IceCv:    ice_cave_hellmonk_azure_passage

Skill      XL: |  1  2  3  4  5  6  7  8  9 10 11 |
---------------+----------------------------------+-----
Fighting       | 4 5 6 7 8 9 10 | 10.3
Armour         | 4 5 6 |  6.5
Shields        | 4 5 6 8 10 11 12 | 12.6
Axes           | 3 4 5 6 7 9 11 12 | 12.1
Throwing       | 2 4 5 6 |  6.5

Action                   |  1- 3 |  4- 6 |  7- 9 | 10-12 || total
-------------------------+-------+-------+-------+-------++-------
Melee: War axe           |    90 |   115 |   180 |   346 ||   731
       Headbutt          |    13 |    17 |    41 |    65 ||   136
       Trident           |       |       |     4 |    10 ||    14
Throw: Stone             |       |     3 |       |       ||     3
       Javelin           |       |     3 |    12 |     9 ||    24
       Dart              |       |       |    19 |     3 ||    22
       Boomerang         |       |       |     5 |    29 ||    34
       Throwing net      |       |       |     2 |       ||     2
Invok: Sacrifice Arcana  |       |       |     1 |       ||     1
       Sacrifice Stealth |       |       |     1 |       ||     1
       Sacrifice Love    |       |       |       |     1 ||     1
       Reject Sacrifices |       |       |       |     1 ||     1
Evoke: Wand              |       |       |     2 |       ||     2
  Use: Scroll            |     3 |     6 |     4 |     2 ||    15
       Potion            |       |     3 |       |       ||     3
 Stab: Distracted        |       |       |       |     3 ||     3
Armor: Scale mail        |    55 |    45 |    41 |       ||   141
       Skin              |       |     6 |       |       ||     6
       Plate armour      |       |       |    27 |    73 ||   100
Dodge: Dodged            |    34 |    30 |    62 |    76 ||   202
Block: Kite shield       |    65 |    78 |   137 |   301 ||   581
       Reflection        |       |       |     2 |    20 ||    22
